 Dungeon Crawl Stone Soup version 0.31-a0-968-g24f9ace8b5 (webtiles) character file.

Game seed: 15393709743529576757

4653 Shayle the Fighter (level 10, -6/71 HPs)
             Began as a Tengu Hexslinger on Oct 27, 2023.
             Was a Follower of Uskayaw.
             Mangled by a torpor snail (shapeshifter) (18 damage)
             ... on level 9 of the Dungeon.
             The game lasted 00:40:01 (9234 turns).

Shayle the Fighter (Tengu Hexslinger)               Turns: 9234, Time: 00:40:04

Health: -6/71      AC:  8    Str: 10    XL:     10   Next: 43%
Magic:  15/21      EV: 19    Int: 17    God:    Uskayaw [*.....]
Gold:   415        SH:  0    Dex: 16    Spells: 8/11 levels left

rFire   . . .        n - +3 quarterstaff (chaos)
rCold   . . .        (shield currently unavailable)
rNeg    . . .        x - +0 steam dragon scales
rPois   .            (helmet restricted)
rElec   .            b - +2 cloak {Stlth+}
rCorr   .            (no gloves)
SInv    .            (boots unavailable)
Will    .....        (no amulet)
Stlth   ++           r - ring of magical power
HPRegen 0.31/turn    (no ring)
MPRegen 0.17/turn

%: acrobat
@: lethally poisoned (-6 -> -7), flying, slowed, very slow
A: beak, talons 3, evasive flight, acrobatic
a: Renounce Religion, Stomp


You were on level 9 of the Dungeon.
You worshipped Uskayaw.
Uskayaw was noncommittal.
You visited 2 branches of the dungeon, and saw 10 of its levels.

You collected 541 gold pieces.
You spent 126 gold pieces at shops.

Inventory:

Hand Weapons
 a - a +2 sling of draining
 n - a +3 quarterstaff of chaos (weapon)
 s - a +1 trident of protection
 u - a +3 whip
 v - a +1 whip of electrocution
 A - the +1 falchion "Killer Bee's Doom" {spect, *Noise rN+ Int+3 Dex+3}
   (You took it off a gnoll bouda on level 7 of the Dungeon)

   Int+3:     It affects your intelligence (+3).
   Dex+3:     It affects your dexterity (+3).
   rN+:       It protects you from negative energy.
   *Noise:    It may make a loud noise when swung.
 B - a +4 spear
 E - a +2 vampiric short sword
 H - a +0 halberd of flaming
Armour
 b - a +2 cloak of stealth (worn)
 c - a +0 robe
 k - a +1 ring mail
 x - +0 steam dragon scales (worn)
 I - +2 swamp dragon scales
Jewellery
 r - a ring of magical power (left hand)
 D - a ring of ice
Wands
 j - a wand of roots (8)
 m - a wand of paralysis (1)
 w - a wand of digging (3)
 K - a wand of flame (13)
Scrolls
 d - 5 scrolls of revelation
 f - 3 scrolls of fog
 g - 4 scrolls of noise
 i - a scroll of immolation
 q - 4 scrolls of vulnerability
 y - 3 scrolls of identify
 z - a scroll of teleportation
 C - a scroll of poison
Potions
 e - 4 potions of brilliance
 h - 3 potions of magic
 l - 2 potions of degeneration
 o - 2 potions of cancellation
 p - a potion of mutation {unknown}
 t - 3 potions of curing
 F - 2 potions of invisibility
 G - a potion of enlightenment {unknown}
 L - a potion of might


   Skills:
 - Level 12.0 Fighting
 - Level 2.1 Ranged Weapons
 + Level 6.2 Dodging
 - Level 1.0 Spellcasting
 + Level 6.1 Conjurations
 - Level 2.1 Hexes
 - Level 1.1 Fire Magic
 + Level 4.1 Ice Magic
 + Level 2.0 Invocations


You had 8 spell levels left.
You knew the following spells:

 Your Spells              Type           Power      Damage    Failure   Level
a - Hailstorm             Conj/Ice       18%        3d6       8%          3

Your spell library contained the following spells:

 Spells                   Type           Power      Damage    Failure   Level
 Ozocubu's Armour         Ice            15%        N/A       12%         3
 Jinxbite                 Hex            16%        N/A       13%         2
 Sigil of Binding         Hex            8%         N/A       26%         3
 Inner Flame              Hex/Fire       6%         N/A       32%         3
 Gell's Gravitas          Tloc           0%         N/A       54%         3
 Teleport Other           Tloc           0%         N/A       54%         3
 Cause Fear               Hex            4%         N/A       65%         4
 Summon Ice Beast         Ice/Summ       7%         N/A       65%         4
 Dimensional Bullseye     Hex/Tloc       2%         N/A       80%         4
 Animate Armour           Summ/Erth      0%         N/A       91%         4
 Animate Dead             Necr           0%         N/A       91%         4
 Manifold Assault         Tloc           0%         N/A       91%         4
 Summon Lightning Spire   Summ/Air       0%         N/A       91%         4
 Borgnjor's Vile Clutch   Necr/Erth      0%         N/A       99%         5
 Lee's Rapid Deconstruct  Erth           0%         3d4*      99%         5
 Death Channel            Necr           0%         N/A       100%        6
 Dispersal                Tloc           0%         N/A       100%        6
 Simulacrum               Ice/Necr       3%         N/A       100%        6
 Ozocubu's Refrigeration  Ice            7%         4d9       100%        7
 Disjunction              Tloc           0%         N/A       100%        8


Dungeon Overview and Level Annotations

Branches:
Dungeon (9/15)             Temple (1/1) D:7
   Lair: D:8-11         Orc: D:9-12

Altars:
Ashenzari
Cheibriados
Dithmenos
Elyvilon
Gozag
Hepliaklqana
Kikubaaqudgha
Makhleb
Nemelex Xobeh
Okawaru
Qazlal
Ru
Sif Muna
Trog
Uskayaw
Vehumet
Wu Jian
Xom
Yredelemnul
Zin
The Shining One

Shops:
D:3 ?


Innate Abilities, Weirdness & Mutations

You have a beak for a mouth.
You have claws for feet.
Your magical flight helps you evade attacks. (EV +4)
You can magically evade attacks while moving or waiting.


Message History

The orc priest mumbles some strange prayers to Beogh against you.
You struggle to resist.
The orc priest hits you but does no damage.
You can now pass through a line of other dancers.
Aiming: Line Pass
Press: ? - help, Dir - move target, p - orc priest The torpor snail appears confused.
You can no longer pass through a line of other dancers.
You feel sick.
The torpor snail seems less confused.
The torpor snail bites you but does no damage.
The orc priest hits you from afar with a +0 trident.
Something hits you.
You are more poisoned.
You feel very sick. Something completely misses you.
The orc priest begins to cast a cantrip, but forgets the words!
You feel sick. Something completely misses you.
You hear some strange, mumbled words.
A puff of flame appears from out of thin air!
The puff of flame misses you.
Things that are here:
a +0 dagger; a +0 robe; an orc corpse
Aiming: Quicksilver Bolt
Press: ? - help, Shift-Dir - straight line, f - orc priest
Aim: an orc priest, wielding a +0 trident and wearing a +0 leather armour (moderately wounded, 71% to hit)
The bolt of dispelling energy hits something!
Reactivating autopickup.
You feel a bit more experienced.
The bolt of dispelling energy hits the torpor snail!
The torpor snail is severely wounded.
The bolt of dispelling energy misses the orc priest.
The now-empty wand crumbles to dust.
You feel sick.
You hit the torpor snail. You burn the torpor snail. You claw the torpor snail!
The torpor snail is almost dead.
You feel sick.
The orc priest hits you but does no damage.
The torpor snail bites you!
* * * LOW HITPOINT WARNING * * *
The orc priest barely misses you. The torpor snail bites you!!
You die...

##......# #.#......#
#.####.# #.#.####.#
#....#.# #.#.c[.#.#
####.#.# #.#.######.#
#....#.# #.....#[.#.#
#.####.# #.#####.'()#.#
#.#..#.# #.......#[.#.#
#.#.##.###########.######.#
#.#..#.....#...@wo)#......#
#.##.#.###.#.#####.#.######
#....#...#.......#......).#
#.#########################
#.# #.# #.# #.# #####
##.#########...##


You could see a torpor snail and an orc priest.

Vanquished Creatures
  Maurice (D:8)
  Joseph (D:8)
  Maggie (D:9)
  Grinder (D:6)
  A raiju (shapeshifter) (D:9)
  A wyvern (D:6)
  Eustachio (D:4)
  2 steam dragons
  2 water moccasins
  An ice beast (D:6)
  4 sky beasts
  An orc warrior (D:8)
  2 ogres (D:5)
  A phantom (D:4)
  Blork the orc (D:6)
  3 kobold brigands
  2 scorpions
  5 wights
  4 killer bees (D:9)
  Crazy Yiuf (D:6)
  4 hounds
  3 gnoll boudas
  3 sleepcaps
  6 orc wizards
  5 iguanas
  17 gnolls
  7 adders
  2 shadow imps
  A white imp (D:7)
  2 ufetubi (D:5)
  3 worms
  7 dart slugs
  20 orcs
  4 bats
  2 endoplasms (D:1)
  4 giant cockroaches
  5 goblins
  12 hobgoblins
  7 jackals
  4 quokkas
  6 ball pythons
  5 frilled lizards
  13 kobolds
  3 rats
181 creatures vanquished.

Vanquished Creatures (others)
  An arcanist (D:4)
  An orc (D:6)
2 creatures vanquished.

Grand Total: 183 creatures vanquished

Notes
Turn   | Place    | Note
-------+----------+-------------------------------------------
     0 | D:1      | Shayle the Tengu Hexslinger began the quest for the Orb.
     0 | D:1      | Reached XP level 1. HP: 12/12 MP: 3/3
   138 | D:1      | Reached skill level 2 in Fighting
   138 | D:1      | Reached XP level 2. HP: 17/17 MP: 4/4
   803 | D:2      | Reached XP level 3. HP: 22/22 MP: 5/5
   923 | D:2      | Reached skill level 3 in Fighting
   934 | D:2      | Found a faded altar of an unknown god.
  1305 | D:2      | Reached XP level 4. HP: 29/29 MP: 6/6
  1739 | D:3      | Reached skill level 4 in Fighting
  1766 | D:3      | Found Fomiyf's Magic Scroll Boutique.
  1774 | D:3      | Bought a scroll of identify for 22 gold pieces
  1774 | D:3      | Bought a scroll of identify for 22 gold pieces
  1774 | D:3      | Bought a scroll of blinking for 82 gold pieces
  1799 | D:3      | Found a white marble altar of Elyvilon.
  2348 | D:4      | Noticed a phantom
  2374 | D:4      | Found a shimmering blue altar of Sif Muna.
  2386 | D:4      | Reached XP level 5. HP: 21/34 MP: 7/7
  2412 | D:4      | Killed a phantom
  2413 | D:4      | Reached skill level 5 in Fighting
  2498 | D:4      | Noticed Eustachio
  2594 | D:5      | Entered Level 5 of the Dungeon
  2598 | D:5      | Noticed an ogre
  2627 | D:5      | Reached XP level 6. HP: 26/41 MP: 8/8
  2627 | D:5      | Found an ornate altar of the Wu Jian Council.
  2734 | D:6      | Reached skill level 6 in Fighting
  2965 | D:6      | Noticed a steam dragon
  2988 | D:5      | HP: 2/41 [quokka (3)]
  3350 | D:4      | Killed Eustachio
  3351 | D:4      | Reached skill level 7 in Fighting
  3351 | D:4      | Gained mutation: Your magical flight helps you evade
                  | attacks. (EV +4) [Tengu growth]
  3351 | D:4      | Reached XP level 7. HP: 47/48 MP: 9/9
  3417 | D:4      | Found a bloodstained altar of Trog.
  3418 | D:4      | Noticed an arcanist
  3591 | D:4      | Reached skill level 8 in Fighting
  3652 | D:4      | Killed an arcanist
  4103 | D:5      | Reached skill level 9 in Fighting
  4103 | D:5      | Reached XP level 8. HP: 21/56 MP: 10/10
  4592 | D:6      | Noticed Grinder
  4663 | D:6      | Found an ancient bone altar of Kikubaaqudgha.
  5054 | D:6      | Found a runed translucent door.
  5055 | D:6      | Noticed Crazy Yiuf
  5064 | D:6      | Killed Crazy Yiuf
  5224 | D:6      | Noticed Blork the orc
  5248 | D:6      | Killed Blork the orc
  5249 | D:6      | Reached skill level 10 in Fighting
  5317 | D:6      | Noticed a wyvern
  5460 | D:6      | Killed a wyvern
  5468 | D:6      | Reached skill level 11 in Fighting
  5598 | D:6      | Killed Grinder
  5599 | D:6      | Reached XP level 9. HP: 61/64 MP: 11/11
  5839 | D:7      | Learned a level 3 spell: Hailstorm
  5858 | D:7      | Reached skill level 1 in Conjurations
  5901 | D:7      | Found an opulent altar of Gozag.
  5972 | D:7      | Reached skill level 1 in Ice Magic
  5997 | D:7      | Identified the +1 falchion "Killer Bee's Doom" {spect,
                  | *Noise rN+ Int+3 Dex+3}
  6114 | D:7      | Found a burning altar of Makhleb.
  6166 | D:7      | Noticed a komodo dragon
  6491 | D:7      | Reached skill level 12 in Fighting
  6505 | D:7      | Found a staircase to the Ecumenical Temple.
  6517 | Temple   | Entered the Ecumenical Temple
  6555 | Temple   | Became a worshipper of Uskayaw the Reveller
  6742 | D:7      | Found a glowing golden altar of the Shining One.
  6775 | D:6      | Reached * piety under Uskayaw
  6798 | D:7      | Reached ** piety under Uskayaw
  6841 | D:7      | Reached *** piety under Uskayaw
  6844 | D:7      | Reached **** piety under Uskayaw
  7311 | D:8      | Found a snail-covered altar of Cheibriados.
  7361 | D:8      | Noticed Maurice
  7366 | D:8      | Paralysed by Maurice for 4 turns
  7379 | D:8      | Paralysed by something for 3 turns
  7391 | D:8      | Something stole the +1 falchion "Killer Bee's Doom" {spect,
                  | *Noise rN+ Int+3 Dex+3}
  7392 | D:8      | Something stole a ring of ice
  7400 | D:8      | Killed Maurice
  7401 | D:8      | Reached skill level 5 in Dodging
  7401 | D:8      | Reached skill level 5 in Conjurations
  7401 | D:8      | Reached XP level 10. HP: 66/71 MP: 12/12
  7458 | D:8      | Noticed Maggie
  7501 | D:8      | Noticed Joseph
  7525 | D:8      | Killed Joseph
  7606 | D:8      | Found a sparkling altar of Nemelex Xobeh.
  7687 | D:8      | Reached skill level 1 in Invocations
  8572 | D:9      | Killed Maggie
  8609 | D:9      | Found a radiant altar of Vehumet.
  8880 | D:9      | Noticed a salamander
  8903 | D:9      | a salamander changed into a shapeshifter
  9219 | D:9      | Noticed a torpor snail
  9234 | D:9      | Mangled by a torpor snail (shapeshifter)

Illustrated notes

Levels and vault maps discovered:
D:1:      onia_arrival_mini_spirals, layout_basic, minmay_misc_feat_nine_boxes
D:2:      layout_loops_ring, chequers_ecumenical_altar_simple, minivault_27,
          minmay_cupped
D:3:      layout_basic, old_standard_altar, serial_shops, shop
D:4:      layout_cave_pools, trog_wizard, mainiacjoe_overflow_surrounded_room,
          chequers_serial_rivers_large_a, uniq_eustachio
D:5:      layout_cave_pools, nicolae_overflow_crystal_walls
D:6:      layout_rooms, kiku_gazebo_garden_becter, uniq_blork_the_orc,
          uniq_crazy_yiuf_cottage, uniq_grinder
D:7:      layout_loops_ring, kennysheep_mini_moat,
          mainiacjoe_overflow_large_starburst, minmay_temple_entry_overgrown,
          kennysheep_cluttered_room, minmay_lizard_king
D:8:      layout_cave_pods, nemelex_spade_bored_becter, slow_altar_1,
          uniq_maggie, uniq_maurice, uniq_joseph
D:9:      layout_loops_cross, vehumet_altar_wand_db,
          fedhas_bush_and_centaur_altar, wad_mini_maze
Temple:   eino_wide_crystal_templ

Skill      XL: |  1  2  3  4  5  6  7  8  9 10 |
---------------+-------------------------------+-----
Fighting       | 2 3 4 5 7 9 11 12 | 12.0
Conjurations   | 5 6 |  6.1
Ice Magic      | 3 4 |  4.1
Dodging        | 5 6 |  6.2
Invocations    | 2 |  2.0
Ranged Weapons | |  2.1
Spellcasting   | |  1.0
Hexes          | |  2.1
Fire Magic     | |  1.1

Action                     |  1- 3 |  4- 6 |  7- 9 | 10-12 || total
---------------------------+-------+-------+-------+-------++-------
  Melee: Quarterstaff      |       |       |   191 |    79 ||   270
         Kick              |       |       |    73 |    33 ||   106
         Peck              |       |       |    41 |    24 ||    65
         Short sword       |       |       |       |    12 ||    12
   Fire: Sling             |   113 |   214 |   147 |    21 ||   495
  Throw: Throwing net      |       |       |     1 |       ||     1
 Invoke: Line Pass         |       |       |     1 |     6 ||     7
         Stomp             |       |       |     1 |       ||     1
  Evoke: Wand              |       |       |     2 |    11 ||    13
    Use: Scroll            |       |    17 |     8 |     1 ||    26
         Potion            |       |     5 |     8 |       ||    13
   Stab: Petrified         |       |       |     6 |       ||     6
         Sleeping          |       |       |     3 |     1 ||     4
         Paralysed         |       |       |     1 |    25 ||    26
 Armour: Robe              |     5 |       |       |       ||     5
         Ring mail         |    58 |   176 |   135 |       ||   369
         Steam dragon scal |       |       |    74 |    59 ||   133
  Dodge: Dodged            |    57 |   244 |   311 |    84 ||   696

Table legend: (Time is in decaauts)
 A = Elapsed time spent in this place.
 B = Non-inter-level travel time spent in this place.
 C = Inter-level travel time spent in this place.
 D = Time resting spent in this place.
 E = Time spent auto-exploring this place.
 F = Levels seen in this place.
 G = Mean time per level.
                   A        B        C        D        E       F      G
               +--------+--------+--------+--------+--------+-----+--------+
         Total |   9549 |   9204 |    345 |   1870 |   4105 |  10 |  954.9 |
       Dungeon |   9476 |   9146 |    330 |   1852 |   4105 |   9 | 1052.9 |
        Temple |     72 |     57 |     15 |     18 |      0 |   1 |   72.0 |
               +--------+--------+--------+--------+--------+-----+--------+

Top non-repeatable levels by time:
     D:7: 1368 daAuts
     D:8: 1317 daAuts
     D:6: 1315 daAuts
     D:4: 1180 daAuts
     D:3: 928 daAuts
     D:5: 908 daAuts
     D:2: 826 daAuts
     D:9: 818 daAuts
     D:1: 814 daAuts
  Temple: 72 daAuts
